 Dungeon Crawl Stone Soup version 0.14.0-15-g6b16f67 (webtiles) character file.

437 Heini the Covered (level 5, -14/47 HPs)
             Began as a Minotaur Fighter on Apr 18, 2014.
             Blown up by Ijyb (22 damage)
             ... with a wand of disintegration
             ... on Level 5 of the Dungeon.
             The game lasted 00:08:41 (2521 turns).

Heini the Covered (Minotaur Fighter)                Turns: 2521, Time: 00:08:41

HP -14/47        AC 11     Str 21      XL: 5   Next: 53%
MP   2/2         EV  7     Int  5      God:
Gold 232         SH 19     Dex 10      Spells:  0 memorised,  4 levels left

rFire  . . .     SeeInvis +     a - +0 flail
rCold  . . .     Clarity  .     b - +0 scale mail
rNeg   . . .     Conserve .     c - +0 shield
rPois  .         rCorr    .     (helmet restricted)
rElec  .         rRot     .     v - +0 cloak
SustAb . .       Spirit   .     k - +0 pair of gloves
rMut   .         Warding  .     y - +0 pair of boots
Saprov . . .     Stasis   .     (no amulet)
MR     .....                    (no ring)
                                A - ring of see invisible

@: not resistant to hostile enchantments, extremely unstealthy
A: retaliatory headbutt, horns 2
a: no special abilities


You were on level 5 of the Dungeon.
You were not hungry.

You visited 1 branch of the dungeon, and saw 5 of its levels.

You collected 232 gold pieces.

Inventory:

Hand weapons
 a - a +0,+0 flail (weapon)
Armour
 b - a +0 scale mail (worn)
 c - a +0 shield (worn)
 k - a +0 pair of gloves (worn)
 v - a +0 cloak (worn)
 y - a +0 pair of boots (worn)
Comestibles
 d - 4 bread rations
 h - a choko
 n - a snozzcumber
 w - a meat ration
 B - 2 rotting chunks of worker ant flesh
 C - 2 chunks of worker ant flesh
Scrolls
 f - a scroll of fear
 i - 3 scrolls of teleportation
 j - a scroll of remove curse {unknown}
 l - a scroll of amnesia
 p - a scroll of enchant weapon II {unknown}
 s - a scroll of random uselessness {unknown}
 t - a scroll of immolation {unknown}
 u - 2 scrolls of recharging {unknown}
 x - a scroll of magic mapping {unknown}
 E - 2 scrolls of identify
Jewellery
 q - an uncursed amulet of stasis {unknown}
 A - a ring of see invisible (left hand)
 D - an uncursed ring of wizardry
Potions
 e - a potion of might
 g - 2 potions of heal wounds
 m - 5 potions of curing
 o - a potion of brilliance {unknown}
 r - a potion of beneficial mutation {unknown}


   Skills:
 * Level 4.4 Fighting
 * Level 3.7 Maces & Flails
 * Level 5.8 Armour
 + Level 2.0 Dodging
 - Level 3.9 Shields


You had 4 spell levels left.
You didn't know any spells.

Dungeon Overview and Level Annotations

Branches:
Dungeon (5/15)
 Temple: D:4-7

Altars:
Nemelex Xobeh
Sif Muna

Shops:
D:4 (

Annotations:
D:5 Ijyb


Innate Abilities, Weirdness & Mutations

You reflexively headbutt those who attack you in melee.
You have a pair of horns on your head.


Message History

You completely miss Ijyb. You headbutt Ijyb.
Ijyb is heavily wounded.
Ijyb hits you but does no damage.
You hit Ijyb. Your headbutt misses Ijyb.
Ijyb is severely wounded.
Ijyb drinks a potion.
Ijyb is healed!
Ijyb zaps a wand.
You are blasted!
You miss Ijyb.
Ijyb is heavily wounded.
Ijyb zaps a wand.
You are blasted!
You closely miss Ijyb. Your headbutt misses Ijyb.
Ijyb is heavily wounded.
You block Ijyb's attack.
You hit Ijyb but do no damage.
Ijyb is heavily wounded.
Ijyb zaps a wand.
You are blasted!
* * * LOW HITPOINT WARNING * * *
You barely miss Ijyb. Your headbutt misses Ijyb.
Ijyb is heavily wounded.
Ijyb zaps a wand.
You are blasted!
You die...

#............
#.........#
#.........#
#.........#
#.........#
#.........#
#..#####..#
#..#
#..#########..
#..#
#....@g.......
#.<#
#.............
#..#
#..#########.
#..# #..# #..#
#..# #..# #..#
#..# #..# #..#
#..# #..# .


You could see Ijyb.

Vanquished Creatures
  A hound (D:4)
  2 worker ants (D:4)
  A hound skeleton (D:4)
  3 adders
  2 giant mites
  3 worms
  3 oozes
  An orc (D:3)
  12 bats
  2 giant cockroaches
  5 hobgoblins
  7 jackals
  3 kobolds
  A quokka (D:2)
  5 giant newts
  6 goblins
  7 rats
64 creatures vanquished.

Notes
Turn   | Place    | Note
--------------------------------------------------------------
     0 | D:1      | Heini, the Minotaur Fighter, began the quest for the Orb.
     0 | D:1      | Reached XP level 1. HP: 19/19 MP: 1/1
   153 | D:1      | Reached XP level 2. HP: 25/27 MP: 1/1
   197 | D:1      | Reached skill level 4 in Armour
   670 | D:2      | Reached XP level 3. HP: 23/33 MP: 2/2
  1431 | D:3      | Reached skill level 5 in Armour
  1431 | D:3      | Reached XP level 4. HP: 35/40 MP: 2/2
  1729 | D:3      | Reached skill level 1 in Dodging
  2086 | D:4      | Reached XP level 5. HP: 37/46 MP: 2/2
  2213 | D:4      | Found Apamaivuimp's Antique Weapon Boutique.
  2344 | D:4      | Found a deep blue altar of Sif Muna.
  2349 | D:4      | Found a sparkling altar of Nemelex Xobeh.
  2498 | D:5      | Entered Level 5 of the Dungeon
  2510 | D:5      | Noticed Ijyb
  2521 | D:5      | Blown up by Ijyb

Action                   |  1- 3 |  4- 6 || total
-------------------------+-------+-------++-------
Melee: Flail             |   118 |    73 ||   191
  Use: Scroll            |       |     9 ||     9
